Map: Chantier naval orbital

Players

lIIlllllIIll - Winner!

  • Race: Terran Terran
  • League: Silver

Greyfox

  • Race: Terran Terran
  • League: Platinum

VOD

Have the link to the VOD?

Description

Time

  • Played on: Oct. 15, 2015, 11:36 a.m.
  • Length: 17:12
Show
View Real Time Build Order
Export as new Build Order

lIIlllllIIll Terran - Winner!

Build Orders: Hellion Opening 

Get SALT Encoding   

  12  0:01  SCV  
  13  0:13  SCV  
  14  0:19  Supply Depot  
  14  0:25  SCV  
  15  0:30  Refinery  
  15  0:40  SCV  
  16  0:45  Barracks  
  16  0:52  SCV  
  17  1:04  SCV  
  18  1:16  SCV  
  19  1:29  SCV  
  20  1:35  Factory, Marine  
  21  1:41  Orbital Command  
  21  1:54  Supply Depot  
  21  1:55  Barracks Reactor  
  21  2:12  Command Center  
  21  2:19  Hellion  
  21  2:20  SCV  
  24  2:32  SCV  
  25  2:37  Starport  
  25  2:44  SCV  
  25  2:46  Hellion x2  
  30  2:54  Supply Depot  
  30  2:56  SCV  
  31  3:13  Hellion x2  
  31  3:14  Medivac  
  37  3:26  Orbital Command  
  37  3:35  Hellion x2  
  37  3:38  SCV  
  42  3:50  SCV  
  43  3:56  Hellion  
  43  4:01  Hellion  
  47  4:03  Viking  
  47  4:05  SCV x2  
  47  4:06  Engineering Bay  
  51  4:17  SCV x2, Hellion  
  51  4:21  Supply Depot  
  51  4:22  Widow Mine  
  57  4:29  SCV  
  57  4:30  SCV  
  53  4:49  SCV x2  
  53  4:51  Hellion x2  
  57  4:52  Viking  
  57  4:59  Missile Turret  
  59  5:01  SCV x2  
  61  5:11  Marine  
  61  5:12  Widow Mine x2  
  61  5:13  SCV x2  
  68  5:18  Command Center  
  68  5:25  SCV x2  
  70  5:55  Viking, Refinery, Marine  
  70  5:56  SCV x2, Supply Depot  
  75  5:58  Supply Depot  
  75  6:07  Factory  
  75  6:08  SCV x2  
  75  6:09  Refinery  
  75  6:10  Refinery  
  77  6:14  Supply Depot  
  78  6:20  SCV x2, Barracks Reactor  
  78  6:22  Hellion x2  
  83  6:32  SCV x2  
  84  6:41  Starport Tech Lab  
  84  6:44  SCV  
  85  6:48  Hellion x2  
  85  6:51  SCV  
  85  6:52  Factory  
  85  6:53  Orbital Command  
  90  6:56  SCV  
  91  7:03  SCV  
  92  7:08  SCV  
  92  7:09  Hellion x2  
  97  7:16  Missile Turret  
  97  7:18  Missile Turret  
  97  7:20  Missile Turret  
  97  7:21  SCV x2  
  99  7:26  Supply Depot  
  99  7:28  Supply Depot, Raven  
  101  7:31  Factory Tech Lab, Hellion, Supply Depot  
  101  7:33  SCV  
  101  7:34  SCV  
  105  7:40  Refinery x2  
  105  7:44  Missile Turret x2  
  105  7:46  SCV x2  
  106  7:55  Missile Turret  
  106  7:58  SCV x2  
  107  8:04  Hellion x2, Missile Turret  
  113  8:09  Infernal Pre-Igniter  
  113  8:10  SCV x2  
  113  8:13  Armory  
  113  8:14  Siege Tank  
  113  8:15  Banshee  
  113  8:16  Cloaking Field  
  113  8:17  Hellion x2  
  123  8:20  Supply Depot  
  123  8:22  SCV x2  
  123  8:24  Supply Depot  
  125  8:27  Supply Depot  
  125  8:28  Supply Depot  
  125  8:33  SCV  
  125  8:34  SCV x2  
  127  8:45  SCV, Widow Mine  
  127  8:46  SCV x2, Widow Mine x3  
  127  8:47  Siege Tank  
  141  8:57  SCV, Starport x2  
  141  8:58  SCV x2  
  144  9:09  SCV  
  145  9:10  SCV  
  145  9:15  Hellion x3  
  145  9:16  Hellion  
  154  9:18  Missile Turret  
  152  9:36  Hellion x2  
  156  9:51  Command Center  
  156  9:52  SCV x3  
  159  9:53  Hellion, Siege Tank  
  159  9:54  Hellion  
  159  9:58  Hellion x2, Raven  
  172  10:03  Terran Vehicle And Ship Armor Level 1, Viking  
  172  10:04  SCV  
  172  10:06  Armory  
  173  10:51  SCV x2, Viking  
  173  10:52  Hellion x2  
  173  10:53  SCV, Hellion x2, Siege Tank  
  153  11:03  SCV x2  
  133  11:05  SCV  
  117  11:13  Hellion  
  117  11:14  Hellion x3  
  123  11:21  Viking  
  123  11:25  Siege Tank  
  117  11:34  Hellion  
  117  11:35  Hellion x3  
  119  11:48  Banshee  
  119  11:52  Starport Tech Lab  
  122  11:54  Medivac  
  122  11:56  Hellion  
  122  11:57  Siege Tank  
  122  11:58  Terran Vehicle And Ship Armor Level 2, Terran Vehicle Weapons Level 1  
  122  12:01  SCV x3  
  132  12:13  SCV  
  133  12:27  Banshee  
  133  12:29  Siege Tank  
  139  12:30  Hellion x4  
  139  12:31  Banshee  
  150  12:39  Refinery  
  150  12:47  Viking  
  152  12:51  Hellion x2  
  152  12:52  Hellion x2  
  152  12:57  Sensor Tower  
  160  13:01  Siege Tank  
  160  13:02  Refinery  
  160  13:03  Missile Turret  
  160  13:04  Planetary Fortress  
  160  13:05  SCV x3, Missile Turret x2  
  164  13:10  Banshee  
  164  13:11  Sensor Tower  
  171  13:13  Banshee, Hellion x4  
  171  13:15  Factory  
  171  13:17  Viking  
  171  13:19  Sensor Tower  
  182  13:33  Widow Mine x2  
  182  13:34  Hellion x2, Widow Mine  
  186  13:38  Missile Turret  
  192  13:47  Viking  
  194  13:52  Banshee  
  179  13:56  Viking  
  179  14:02  Siege Tank  
  179  14:03  Hellion x4  
  181  14:17  Viking  
  185  14:24  Terran Vehicle Weapons Level 2, Hellion x4  
  185  14:25  Terran Ship Weapons Level 1  
  185  14:26  Banshee  
  194  14:31  Factory Tech Lab  
  194  14:47  Viking  
  196  14:58  Siege Tank  
  196  14:59  Banshee  
  188  15:09  Banshee  
  188  15:17  Viking  
  190  15:22  Siege Tank  
  190  15:23  Hellion  
  195  15:58  Banshee  
  195  15:59  Hellion  
  196  16:07  Sensor Tower  
  196  16:15  Sensor Tower  
  196  16:19  Viking  
  196  16:22  Hellion  
  195  16:39  Viking  
  195  16:41  Hellion x2  
  195  16:42  Hellion  
  195  16:43  Hellion  
  195  16:44  Hellion  
Show
View Real Time Build Order
Export as new Build Order

Greyfox Terran 

Build Orders: 1/1/1 

Get SALT Encoding   

  12  0:01  SCV  
  13  0:13  SCV  
  14  0:17  Supply Depot  
  14  0:25  SCV  
  15  0:29  Refinery  
  15  0:39  SCV  
  16  0:45  Barracks  
  16  0:51  SCV  
  17  1:03  SCV  
  18  1:21  SCV  
  19  1:33  Supply Depot  
  19  1:34  Marine  
  19  1:35  Orbital Command  
  20  1:41  Factory, Refinery  
  20  1:52  Marine  
  21  2:00  SCV  
  22  2:11  Marine  
  22  2:13  SCV  
  24  2:25  SCV  
  24  2:26  Starport  
  24  2:28  Marine  
  26  2:30  Factory Reactor  
  26  2:37  SCV  
  27  2:46  Marine  
  27  2:49  SCV  
  29  3:01  SCV  
  29  3:02  Command Center  
  29  3:04  Marine  
  31  3:24  Supply Depot  
  31  3:27  Supply Depot  
  31  3:37  Barracks Tech Lab  
  31  3:44  Supply Depot  
  31  3:46  SCV, Hellion x2, Medivac  
  38  3:59  SCV  
  39  4:07  Hellion x2  
  43  4:11  SCV  
  44  4:24  SCV  
  44  4:25  Orbital Command  
  44  4:28  Barracks Reactor  
  37  4:49  Widow Mine x2  
  37  4:50  Banshee, Cloaking Field  
  44  5:00  SCV x2  
  46  5:07  Supply Depot  
  46  5:08  Engineering Bay  
  46  5:09  Refinery  
  46  5:10  Marine x2  
  46  5:12  SCV x2  
  50  5:21  Widow Mine x2  
  50  5:40  Marine x2  
  52  5:45  Terran Infantry Weapons Level 1  
  52  5:49  Barracks  
  52  5:50  Missile Turret, Barracks  
  52  5:52  Barracks  
  52  5:54  Missile Turret  
  52  5:56  SCV  
  53  5:57  Missile Turret  
  53  5:59  Missile Turret  
  53  6:07  SCV  
  53  6:08  SCV  
  55  6:19  SCV, Banshee  
  56  6:34  SCV x2  
  56  6:35  Marine  
  56  6:36  Marine  
  56  6:37  Barracks Tech Lab  
  56  6:39  Barracks Reactor  
  60  6:40  Barracks Tech Lab  
  60  6:46  SCV x2, Widow Mine  
  62  6:47  Widow Mine  
  64  7:13  Marine x2, Marauder x2  
  64  7:14  SCV  
  64  7:15  SCV  
  70  7:17  Refinery  
  70  7:20  Marine x2  
  72  7:26  SCV  
  73  7:31  Marine x2  
  73  7:33  SCV  
  73  7:34  Command Center, Marauder  
  78  7:37  Barracks  
  78  7:41  Starport Reactor  
  78  7:49  Combat Shields, Stimpack  
  78  7:56  Supply Depot, Terran Infantry Armor Level 1  
  78  7:58  Supply Depot  
  78  8:17  Marauder x2, Marine x4  
  86  8:30  SCV x2  
  88  8:40  Marauder x2  
  94  8:41  Marauder  
  94  8:42  SCV, Marine  
  94  8:45  SCV, Marine x2  
  97  8:49  Planetary Fortress  
  97  8:54  SCV  
  98  8:57  SCV  
  98  9:01  Widow Mine  
  98  9:02  Widow Mine  
  103  9:04  Missile Turret  
  103  9:05  Marauder  
  103  9:06  Marauder x2  
  103  9:07  Concussive Shells  
  109  9:11  Missile Turret  
  109  9:18  Supply Depot  
  109  9:20  Supply Depot  
  109  9:22  SCV x2, Marine x4  
  115  9:26  Supply Depot  
  115  9:29  Supply Depot  
  115  9:31  SCV  
  116  9:32  Missile Turret  
  116  9:34  SCV  
  117  9:40  SCV, Marauder x3  
  124  9:46  Supply Depot  
  124  9:49  Supply Depot  
  124  9:53  Marine  
  124  9:55  Marine  
  124  9:57  Refinery x2, Marine  
  127  10:11  Engineering Bay  
  127  10:13  Armory  
  125  10:37  Marauder x2, Marine x3  
  100  11:02  Marine x3, Marauder x3  
  100  11:03  Marine  
  90  11:20  Marine x4  
  90  11:23  Marauder x2, Marine  
  96  11:38  Marine x2  
  86  11:40  Marine x2  
  86  11:41  Marauder  
  86  11:44  Marauder  
  86  11:45  Marauder  
  89  11:53  Barracks  
  89  11:55  Barracks, Marine  
  89  11:56  Marine  
  89  11:58  Command Center, Marine  
  89  12:00  Terran Infantry Weapons Level 2  
  92  12:03  Marauder  
  92  12:04  Terran Infantry Armor Level 2  
  92  12:06  Marauder x2  
  98  12:13  Marine x2  
  100  12:22  Medivac  
  100  12:23  Medivac  
  100  12:24  Marauder  
  100  12:27  Marauder x2  
  110  12:34  SCV x2  
  112  12:39  Marine x2  
  114  12:45  Marauder  
  114  12:49  Marauder  
  116  12:54  Barracks Tech Lab x2  
  116  12:55  SCV  
  116  12:56  SCV  
  118  13:05  Marine x3, Marauder  
  121  13:06  Marine  
  121  13:07  Marauder  
  121  13:08  Medivac x2  
  130  13:19  Marauder x2  
  134  13:23  Starport  
  93  14:04  Marine x3, Marauder x5  
  93  14:05  Marine  
  93  14:09  Planetary Fortress  
  89  14:21  SCV  
  89  14:22  SCV, Marine x2  
  93  14:25  Marauder x2  
  93  14:26  Marine x2, Marauder x3  
  105  14:34  Barracks  
  105  14:37  Barracks  
  105  14:40  Marine x2  
  105  14:43  Marine  
  108  14:46  SCV, Marauder  
  108  14:47  Marauder x2  
  95  15:16  Marine x3, Marauder x3  
  95  15:17  Marine  
  95  15:19  Missile Turret  
  105  15:22  Barracks Tech Lab  
  105  15:24  Barracks Reactor  
  105  15:25  Refinery x2  
  105  15:32  Supply Depot  
  105  15:34  Supply Depot  
  105  15:36  Marauder  
  105  15:38  Supply Depot x2, Marine  
  105  15:40  Supply Depot  
  108  15:44  Supply Depot  
  108  15:50  Sensor Tower  
  107  15:58  SCV x2  
  107  15:59  SCV x2  
  109  16:05  Marine, Marauder  
  109  16:06  Marine  
  109  16:10  SCV x2  
  109  16:11  SCV  
  110  16:27  Marauder  
  110  16:28  Marine, Marauder x4  
  98  16:52  Marine x4  
  80  16:56  SCV x4  
Tags
 
Add a new tag
Caveats
  • Supply blocks, unpowered buildings, or Contaminate may cause inaccurate times.
  • Supply counts are checked every 10 seconds.